 Dungeon Crawl Stone Soup version 0.30.1-11-g7821555f0a (webtiles) character file.

Game seed: 15525043030360795479

81306 Groucho the Arsonist (level 15, -11/82 HPs)
             Began as a Gargoyle Earth Elementalist on Dec 5, 2023.
             Was an Initiate of Gozag.
             Mangled by a water elemental (13 damage)
             ... on level 2 of the Abyss on Dec 6, 2023.
             The game lasted 03:04:09 (60075 turns).

Groucho the Arsonist (Gargoyle Earth Elementalist) Turns: 60075, Time: 03:04:12

Health: -11/82     AC: 23    Str: 10      XL:     15   Next: 69%
Magic:  6/28       EV: 16    Int: 23 (24) God:    Gozag
Gold:   3665       SH:  6    Dex: 11 (12) Spells: 5/32 levels left

rFire   x x .        c - +10 rapier "Pom Hueh" {speed, Int+3 Dex+2 Stlth-}
rCold   . . .        N - +2 buckler
rNeg    + . .        Z - +1 robe {Archmagi}
rPois   ∞            A - +2 helmet
rElec   +            t - +2 cloak
rCorr   .            R - +0 pair of gloves
SInv    +            s - +1 pair of boots of the Shoals {Rampage rPois SInv}
Will    ++...        E - amulet of the acrobat
Stlth   ++           I - +5 ring of evasion
HPRegen 0.00/turn    h - ring of willpower
MPRegen 0.21/turn

%: acrobat, rampage, archmagi
@: about to teleport, flying, inhibited regen, unable to drink
A: sickness immunity, AC +11, big wings, negative energy resistance 1,
electricity resistance, torment resistance 1, petrification resistance,
[deterioration 2], [screaming 2], [inhibited regeneration], [weak 2], [heat
vulnerability 2], [inability to drink after injury 2]
a: Renounce Religion, Potion Petition, Call Merchant, Bribe Branch


You were on level 2 of the Abyss.
You worshipped Gozag.
Gozag was most pleased with you.
You visited 3 branches of the dungeon, and saw 20 of its levels.
You visited the Abyss 1 time.

You collected 5507 gold pieces.
You spent 1792 gold pieces at shops.
You paid 50 gold pieces to Gozag.

Inventory:

Hand Weapons
 a - the +7 Spriggan's Knife {stab, EV+4 Stlth+}
   (You bought it in a shop on level 9 of the Dungeon)

   Stab:      It is more effective when stabbing unaware enemies, sometimes
   treating them as though they were completely helpless.
   EV:        It affects your evasion (+4).
   Stlth:     It makes you more stealthy.
 b - the +5 mace of Wocwasup {venom, Int+6}
   (You found it on level 3 of the Lair of Beasts)

   Int:       It affects your intelligence (+6).
 c - the +10 rapier "Pom Hueh" (weapon) {speed, Int+3 Dex+2 Stlth-}
   (You found it on level 14 of the Dungeon)

   Int:       It affects your intelligence (+3).
   Dex:       It affects your dexterity (+2).
   Stlth:     It makes you less stealthy.
 u - the +3 greatsling "Punk" {acid, rCorr}
   (You acquired it on level 14 of the Dungeon)

   rCorr:     It protects you from acid and corrosion.
 X - the +9 staff of Olgreb {rPois∞}
   (You found it on level 3 of the Lair of Beasts)

   It enhances your poison magic.
   It grants immunity to poison.
   It can be activated via the 'a'bility menu to radiate toxic energy, with
   effectiveness depending on Evocations skill.
Missiles
 f - a throwing net (quivered)
 k - 10 javelins
Armour
 s - the +1 pair of boots of the Shoals (worn) {Rampage rPois SInv}
   (You acquired it on level 14 of the Dungeon)

   rPois:     It protects you from poison.
   SInv:      It lets you see invisible.
   Rampage:   It bestows one free step when moving towards enemies.
 t - a +2 cloak (worn)
 A - a +2 helmet (worn)
 N - a +2 buckler (worn)
 R - a +0 pair of gloves (worn)
 Z - a +1 robe of the Archmagi (worn)
Magical Staves
 r - a staff of conjuration
 J - a staff of fire
Jewellery
 g - a ring of resist corrosion
 h - a ring of willpower (right hand)
 v - a ring of fire
 E - an amulet of the acrobat (around neck)
 G - a +4 ring of protection
 I - a +5 ring of evasion (left hand)
 O - a ring of protection from cold
 P - an amulet of regeneration
Wands
 e - a wand of mindburst (32)
 m - a wand of polymorph (7)
 L - a wand of paralysis (26)
 Q - a wand of light (11)
 S - a wand of flame (23)
 Y - a wand of digging (7)
Scrolls
 l - 3 scrolls of noise
 n - a scroll of identify
 w - 3 scrolls of fear
 x - 3 scrolls of magic mapping
 C - 4 scrolls of amnesia
 D - 2 scrolls of teleportation
 F - 3 scrolls of enchant armour
 H - a scroll of fog
 W - 3 scrolls of vulnerability
Potions
 d - a potion of resistance
 i - 3 potions of lignification
 j - 5 potions of attraction
 o - a potion of berserk rage
 p - 6 potions of curing
 q - 2 potions of cancellation
 z - 2 potions of mutation
 B - 2 potions of haste
 K - 2 potions of brilliance
 T - 4 potions of might
 V - a potion of magic
Miscellaneous
 y - a lightning rod (4/4)


   Skills:
 - Level 5.0 Fighting
 - Level 5.0 Short Blades
 - Level 4.0 Maces & Flails
 - Level 3.0 Polearms
 - Level 4.0 Ranged Weapons
 - Level 3.0 Throwing
 - Level 2.0 Dodging
 - Level 5.0 Stealth
 - Level 4.0 Shields
 - Level 9.0 Spellcasting
 - Level 11.0 Conjurations
 - Level 5.0 Summonings
 - Level 9.0 Transmutations
 + Level 12.7 Fire Magic
 - Level 11.0 Earth Magic
 - Level 8.0 Evocations


You had 5 spell levels left.
You knew the following spells:

 Your Spells              Type           Power      Damage    Failure   Level
a - Sandblast             Erth           100%       2d20      1%          1
b - Passwall              Tmut/Erth      59%        N/A       1%          2
c - Stone Arrow           Conj/Erth      100%       3d13      1%          3
d - Petrify               Tmut/Erth      71%        N/A       1%          4
e - Summon Small Mammal   Summ           100%       N/A       1%          1
f - Ignition              Fire           40%        3d12      97%         8
g - Frozen Ramparts       Ice            30%        1d5       26%         3
h - Mephitic Cloud        Conj/Pois/Air  40%        N/A       6%          3
i - Call Imp              Summ           100%       N/A       1%          2

Your spell library contained the following spells:

 Spells                   Type           Power      Damage    Failure   Level
 Magic Dart               Conj           100%       1d8       1%          1
 Ignite Poison            Fire/Tmut/Pois 60%        N/A       1%          3
 Flame Wave               Conj/Fire      78%        2d17      1%          4
 Sticky Flame             Conj/Fire      78%        2d9       1%          4
 Ice Form                 Ice/Tmut       46%        N/A       14%         4
 Ozocubu's Armour         Ice            15%        N/A       26%         3
 Summon Ice Beast         Ice/Summ       32%        N/A       30%         4
 Ozocubu's Refrigeration  Ice            7%         4d9       100%        7
 Summon Hydra             Summ           25%        N/A       100%        7


Dungeon Overview and Level Annotations

Branches:
Dungeon (14/15)            Temple (1/1) D:4            Lair (5/5) D:10
  Swamp (0/4) Lair:3       Spider (0/4) Lair:2        Slime (0/5) Lair:4
    Orc (0/2) D:12
 Vaults: D:13-14

Altars:
Ashenzari
Cheibriados
Dithmenos
Elyvilon
Fedhas
Gozag
Hepliaklqana
Kikubaaqudgha
Makhleb
Nemelex Xobeh
Okawaru
Qazlal
Ru
Sif Muna
Trog
Uskayaw
Vehumet
Wu Jian
Xom
Yredelemnul
Zin
The Shining One
Jiyva

Shops:
D:2 :   D:8 *   D:9 (((   D:12 ?!


Innate Abilities, Weirdness & Mutations

You are immune to sickness and miasma.
Your stone body is resilient. (AC +11)
You are immune to poison.
Your large and strong wings let you fly.
You resist negative energy. (rN+)
You are resistant to electric shocks. (rElec)
You are resistant to unholy torment.
You are immune to petrification.
[Your body often deteriorates upon taking damage.]
[You frequently scream uncontrollably at your foes.]
[You do not regenerate when monsters are visible.]
[You are very weak. (Str -4)]
[You are very vulnerable to heat. (rF--)]
[You sometimes lose the ability to drink potions when taking damage.]


Message History

You block the small abomination's attack.
The efreet gestures at you.
The fireball explodes!
The fireball engulfs you!! The fire burns you terribly!
You feel threatened and lose the ability to drink potions!
Your body deteriorates!
You feel clumsy.
The fireball engulfs the efreet.
The efreet completely resists.
Something shouts, "Get thee hence, thou goatish ill-breeding joithead!"
You hear a roar!
You hear a bark!
Unknown command.
Unknown command.
The ancient zyme attacks as you move away!
The ancient zyme hits you but does no damage.
You block the ancient zyme's attack.
The wretched star pulses with an eldritch light!
You feel weaker. x2; You feel the urge to shout.
You feel a strong urge to scream. The white imp gestures at you.
The puff of frost hits you but does no damage.
Unknown command.
Unknown command.
As you read the scroll of teleportation, it crumbles to dust.
You feel strangely unstable.
You feel the power of the Abyss delaying your translocation!
The efreet gestures at you. The bolt of fire hits you!!!
The fire burns you terribly!
Ouch! That really hurt!
* * * LOW HITPOINT WARNING * * *
Your body deteriorates!
You feel dopey.
The ancient zyme is engulfed in blazing flames.
You cannot drink potions in your current state!
Unknown command.
Unknown command.
Blink to where?
Press: ? - help, Dir - move target, p - raiju A water elemental comes into view.
Found a gateway leading deeper into the Abyss.
As you read the scroll of blinking, it crumbles to dust.
The water elemental hits you!
You die...
Your body crumbles into a pile of gold.

.. .. #. >.. ..
.. . ..###. ###.
.. #.#.. .#. ..#
#... ..#..
#..#... ## #§.E#§
##.# #@##.## #...
#......## #...
#.#..5#..#
##§#.##
.#.#...#..
#*..... .
##...x#.x.#.####
.. #...##........
.# #...x○h#.#..#.
#.
#...#..R.#...#..#
.......#.##.#..##


You could see an ancient zyme, a water elemental, an efreet, a small abomination
and a white imp.

Vanquished Creatures
  Jorgrun (D:12)
  A lich (Abyss:2)
  Gastronok (D:7)
  A tentacled starspawn (Abyss:2)
  A very ugly thing (D:14)
  A fire dragon (Lair:5)
  3 hydras
  An entropy weaver (shapeshifter) (D:14)
  Erica (D:7)
  6 two-headed ogres
  4 centaur warriors
  2 boulder beetles
  15 death yaks
  A thrashing horror (Abyss:2)
  4 skeletal warriors
  2 skysharks
  A lindwurm (Lair:5)
  An orc knight (D:10)
  A wolf spider (Lair:2)
  19 ugly things
  6 cyclopes
  8 black mambas
  An apocalypse crab (Abyss:2)
  3 molten gargoyles (Lair:5)
  7 elephants
  3 gargoyles
  A smoke demon (Abyss:2)
  Joseph (D:8)
  2 unseen horrors
  8 cane toads
  10 komodo dragons
  Psyche (D:10)
  A rime drake (Lair:2)
  A freezing wraith (Abyss:2)
  A kobold demonologist (D:14)
  2 yaktaurs
  2 ancient zymes (Abyss:2)
  4 polar bears
  A harpy zombie (Abyss:2)
  2 trolls
  Prince Ribbit (D:7)
  A tarantella (shapeshifter) (D:10)
  5 raiju (Abyss:2)
  A hornet (D:9)
  17 blink frogs
  2 large abominations (Abyss:2)
  A jumping spider (Lair:2)
  3 centaur simulacra (D:10)
  7 slime creatures
  3 shadows
  13 yaks
  2 vampires
  5 water elementals (D:14)
  2 culicivoras (Lair:2)
  2 wraiths
  8 wyverns
  A ynoxinul (Abyss:2)
  8 basilisks
  2 steam dragons (Lair:5)
  14 humans (D:14)
  2 acid dragons
  10 water moccasins
  3 hell hounds (Lair:5)
  2 black bears (D:5)
  9 orc warriors
  2 ice beasts
  2 sky beasts (D:7)
  2 small abominations (Abyss:2)
  5 ogres
  21 wolves
  A phantom (D:7)
  2 centaurs
  A kobold brigand (D:10)
  12 bullfrogs
  4 scorpions
  A gnoll sergeant (D:6)
  A jelly (D:5)
  3 killer bees (D:10)
  11 howler monkeys
  8 electric eels
  5 lava snakes (Lair:5)
  9 orc priests
  7 starcursed masses (Abyss:2)
  3 hounds
  6 iguanas
  Jessica (D:2)
  2 gnoll boudas
  11 orc wizards
  4 hell rats (Lair:1)
  Robin (D:3)
  3 adders
  13 gnolls
  4 white imps
  3 ufetubi
  2 worms
  2 dart slugs (D:2)
  41 orcs
  5 endoplasms
  5 giant cockroaches
  7 hobgoblins
  4 kobolds
  5 quokkas
  7 ball pythons
  4 bats
  3 frilled lizards
  21 goblins
  7 rats
  2 butterflies (Lair:5)
  A starspawn tentacle (Abyss:2)
520 creatures vanquished.

Vanquished Creatures (others)
  A small abomination (Abyss:2)
  An orc (D:12)
  3 starspawn tentacles (Abyss:2)
5 creatures vanquished.

Grand Total: 525 creatures vanquished

Notes
Turn   | Place    | Note
-------+----------+-------------------------------------------
     0 | D:1      | Groucho the Gargoyle Earth Elementalist began the quest for
                  | the Orb.
     0 | D:1      | Reached XP level 1. HP: 10/10 MP: 3/3
   174 | D:1      | Reached skill level 1 in Fighting
   213 | D:1      | Reached XP level 2. HP: 15/17 MP: 3/5
   993 | D:2      | Noticed Jessica
   998 | D:2      | Killed Jessica
   999 | D:2      | Reached XP level 3. HP: 20/21 MP: 2/6
  1372 | D:2      | Reached XP level 4. HP: 26/26 MP: 5/7
  1397 | D:2      | Found Zisixang's Book Shop.
  1402 | D:2      | Reached skill level 5 in Earth Magic
  3611 | D:3      | Noticed Robin
  3663 | D:3      | Killed Robin
  3919 | D:3      | Found a white marble altar of Elyvilon.
  3942 | D:3      | Found a radiant altar of Vehumet.
  4062 | D:3      | Found a burning altar of Makhleb.
  4201 | D:3      | Reached XP level 5. HP: 30/30 MP: 7/9
  4454 | D:3      | Found a hide-covered altar of Uskayaw.
  4492 | D:3      | Found a stormy altar of Qazlal.
  5299 | D:4      | Found a staircase to the Ecumenical Temple.
  5299 | D:4      | Noticed an ice beast
  5385 | Temple   | Entered the Ecumenical Temple
  5544 | Temple   | Became a worshipper of Gozag Ym Sagoz the Greedy
  5605 | D:4      | Learned a level 2 spell: Passwall
  5613 | D:4      | Learned a level 3 spell: Stone Arrow
  5618 | D:4      | Learned a level 4 spell: Petrify
  5701 | D:4      | Reached skill level 1 in Short Blades
  6151 | D:4      | Found a snail-covered altar of Cheibriados.
  6161 | D:4      | Found an iron altar of Okawaru.
  6163 | D:4      | Found a broken altar of Ashenzari.
  6205 | D:4      | Reached XP level 6. HP: 26/35 MP: 10/10
  6941 | D:4      | HP: 2/52 [ice beast (10)]
  6944 | D:4      | Killed an ice beast
  7322 | D:5      | Entered Level 5 of the Dungeon
  7545 | D:5      | Reached skill level 1 in Transmutations
  7608 | D:5      | Reached XP level 7. HP: 40/40 MP: 2/11
  7930 | D:5      | Reached skill level 5 in Conjurations
  9038 | D:6      | Reached XP level 8. HP: 44/44 MP: 8/12
 10169 | D:6      | Found a shadowy altar of Dithmenos.
 11089 | D:7      | Noticed Prince Ribbit
 11104 | D:7      | Killed Prince Ribbit
 12020 | D:7      | Reached XP level 9. HP: 48/48 MP: 6/13
 12416 | D:7      | Paralysed by an orc wizard for 2 turns
 13746 | D:8      | Noticed Gastronok
 14941 | D:7      | Reached skill level 10 in Earth Magic
 14941 | D:7      | Reached skill level 1 in Maces & Flails
 15451 | D:7      | Killed Gastronok
 15452 | D:7      | Reached XP level 10. HP: 19/53 MP: 4/14
 16289 | D:8      | Found Hostytow's Assorted Antiques.
 16545 | D:8      | Bought a pair of gloves for 67 gold pieces
 16550 | D:8      | Bought a bronze wand for 60 gold pieces
 16550 | D:8      | Bought a sedimented white potion for 13 gold pieces
 16550 | D:8      | Bought a wand of light (2) for 126 gold pieces
 16710 | D:8      | Identified the +7 trident "Xiddof" {heavy, Int+3 Dex+3}
 16721 | D:8      | Noticed Joseph
 16755 | D:8      | Noticed a two-headed ogre
 17008 | D:8      | Noticed Erica
 17031 | D:7      | Killed Erica
 17032 | D:7      | Reached skill level 5 in Stealth
 17599 | D:8      | Killed a two-headed ogre
 18098 | D:8      | Killed Joseph
 18610 | D:8      | Reached skill level 5 in Short Blades
 18912 | D:9      | Reached skill level 1 in Polearms
 19010 | D:9      | Found Dalies's Weapon Boutique.
 19046 | D:10     | Entered Level 10 of the Dungeon
 19067 | D:10     | Noticed Psyche
 19401 | D:9      | Found Mockufuc's Antique Weapon Shoppe.
 19486 | D:9      | Found Xeosis's Antique Weapon Shop.
 19973 | D:9      | Reached XP level 11. HP: 40/57 MP: 12/16
 20352 | D:9      | Found Ucaopsuf's Armour Boutique.
 20581 | D:9      | Reached skill level 5 in Spellcasting
 20595 | D:9      | Reached skill level 1 in Throwing
 21871 | D:10     | Killed Psyche
 23800 | D:10     | Found a bloodstained altar of Trog.
 23881 | D:10     | Found a runed translucent door.
 23928 | D:10     | Noticed an orc knight
 23946 | D:10     | Killed an orc knight
 23947 | D:10     | Reached skill level 10 in Conjurations
 24377 | D:10     | Noticed a centaur warrior
 24377 | D:10     | Noticed a boulder beetle
 24381 | D:10     | Killed a centaur warrior
 24767 | D:10     | Killed a boulder beetle
 25190 | D:10     | Got the Anthology of Flammable Allies
 25193 | D:10     | Learned a level 1 spell: Summon Small Mammal
 25260 | D:10     | Identified the +2 trident of Lusizam {freeze, *Noise Int+3
                  | Dex+3}
 25373 | D:10     | Found a staircase to the Lair.
 25830 | D:10     | Reached XP level 12. HP: 62/62 MP: 1/19
 26375 | D:10     | Identified the +0 robe of Gehenna {Dex+2}
 26441 | Lair:1   | Entered Level 1 of the Lair of Beasts
 27375 | Lair:1   | Reached skill level 1 in Summonings
 30884 | Lair:2   | Reached skill level 5 in Summonings
 31059 | Lair:2   | Noticed a death yak
 31060 | Lair:2   | Noticed a death yak
 31061 | Lair:2   | Noticed a death yak
 31063 | Lair:2   | Noticed a death yak
 31095 | Lair:1   | Killed a death yak
 31529 | Lair:1   | Killed a death yak
 31962 | Lair:1   | Killed a death yak
 31963 | Lair:1   | Reached skill level 5 in Fighting
 31977 | Lair:1   | Killed a death yak
 33038 | Lair:2   | Found a hole to the Spider Nest.
 33546 | Lair:3   | Found a staircase to the Swamp.
 33550 | Lair:3   | Noticed a skyshark
 33581 | Lair:3   | Killed a skyshark
 34001 | Lair:3   | Reached XP level 13. HP: 53/72 MP: 12/23
 34275 | Lair:3   | Identified the +6 spear of Compulsion {heavy, rElec Int+2}
 34309 | Lair:3   | Identified the +5 mace of Wocwasup {venom, Int+6}
 34309 | Lair:3   | Found the +9 staff of Olgreb {rPois∞}
 35333 | Lair:3   | Reached skill level 5 in Evocations
 37719 | Lair:4   | Reached skill level 1 in Fire Magic
 37917 | Lair:3   | Reached skill level 2 in Fire Magic
 38351 | Lair:3   | Learned a level 8 spell: Ignition
 38365 | Lair:3   | Reached skill level 3 in Fire Magic
 38910 | Lair:3   | Reached skill level 4 in Fire Magic
 39890 | Lair:4   | Reached skill level 5 in Fire Magic
 40372 | Lair:4   | Reached skill level 6 in Fire Magic
 40624 | Lair:5   | Entered Level 5 of the Lair of Beasts
 40947 | Lair:4   | Reached skill level 7 in Fire Magic
 41462 | Lair:4   | Found a viscous altar of Jiyva.
 41462 | Lair:4   | Found a staircase to the Slime Pits.
 43373 | Lair:5   | Gained mutation: Your large and strong wings let you fly.
                  | [Gargoyle growth]
 43373 | Lair:5   | Reached XP level 14. HP: 78/78 MP: 16/24
 44123 | Lair:5   | Found a large runed translucent door.
 44123 | Lair:5   | Found a large runed translucent door.
 44178 | Lair:5   | Reached skill level 8 in Fire Magic
 47926 | D:10     | Found a bloodstained altar of Trog.
 48706 | D:9      | Bought the +7 Spriggan's Knife {stab, EV+4 Stlth+} for 1526
                  | gold pieces
 48706 | D:9      | Found the +7 Spriggan's Knife {stab, EV+4 Stlth+}
 49735 | D:12     | Noticed Jorgrun
 49747 | D:12     | Found Yjoacs's Distillery.
 49844 | D:12     | Killed Jorgrun
 50393 | D:12     | Found Ziulewno's Magic Scroll Shoppe.
 50417 | D:12     | Found a staircase to the Orcish Mines.
 50943 | D:13     | Learned a level 3 spell: Frozen Ramparts
 51212 | D:13     | Reached skill level 9 in Fire Magic
 53743 | D:14     | Reached skill level 10 in Fire Magic
 54373 | D:14     | Learned a level 3 spell: Mephitic Cloud
 54769 | D:14     | Identified the +10 rapier "Pom Hueh" {speed, Int+3 Dex+2
                  | Stlth-}
 54798 | D:14     | Reached XP level 15. HP: 82/82 MP: 21/27
 56651 | D:13     | Reached skill level 11 in Fire Magic
 58043 | D:14     | Identified 2 scrolls of acquirement
 58043 | D:14     | Acquired the +3 greatsling "Punk" {acid, rCorr}
 58043 | D:14     | Found the +3 greatsling "Punk" {acid, rCorr}
 58048 | D:14     | Acquired the +1 pair of boots of the Shoals {Rampage rPois
                  | SInv}
 58074 | D:14     | Learned a level 2 spell: Call Imp
 58507 | D:14     | Reached skill level 1 in Shields
 58725 | D:14     | Reached skill level 12 in Fire Magic
 58746 | Abyss:2  | Cast into level 2 of the Abyss (a wizard)
 58901 | Abyss:2  | Noticed a lich
 58902 | Abyss:2  | Found a corrupted altar of Lugonu.
 58909 | Abyss:2  | Killed a lich
 58944 | Abyss:2  | Found a corrupted altar of Lugonu.
 59158 | Abyss:2  | Noticed a bone dragon
 59177 | Abyss:2  | Noticed a tentacled starspawn
 59203 | Abyss:2  | Killed a tentacled starspawn
 59782 | Abyss:2  | HP: 2/82 [starcursed mass/accursed screaming (4)]
 60059 | Abyss:2  | Found a corrupted altar of Lugonu.
 60074 | Abyss:2  | HP: 2/82 [efreet/bolt of fire (45)]
 60075 | Abyss:2  | Mangled by a water elemental

Illustrated notes

Levels and vault maps discovered:
D:1:      spicycebolla_arrival_risky_transporter, layout_basic
D:2:      layout_loops_ring, serial_shops, nicolae_shop_statue_plus,
          chequers_serial_rivers_small_a, uniq_jessica
D:3:      layout_loops_corners, elyvilon_altar_4,
          nicolae_overflow_hidden_temple, uniq_robin
D:4:      layout_gridville, minitemple, minmay_temple_entry_waves,
          chequers_jeans, patterned_corridor
D:5:      layout_basic, portal_sewer_entry_e
D:6:      hellmonk_ruined_rings, layout_rooms, kennysheep_mini,
          nicolae_ossuary_entry_ruins
D:7:      layout_gridville, minmay_misc_feat_four_crosses, uniq_prince_ribbit1
D:8:      layout_rooms, serial_shops, shop_fountains, uniq_erica,
          uniq_gastronok, uniq_joseph
D:9:      layout_roguey, serial_shops, shop, shop, shop,
          nicolae_shop_statue_plus, nzn_life_drinkers
D:10:     layout_loops_cross, mainiacjoe_overflow_six_doors_small,
          lair_entry_dummy, serial_ice, serial_ice_b, serial_ice_i,
          serial_ice_h, serial_ice_f, minivault_13, uniq_psyche
D:11:     layout_big_octagon, serial_glass, glass_columns_b, glass_columns_b,
          grunt_decor_fettered
D:12:     layout_basic, kennysheep_orc_monster_closet_entryway, serial_shops,
          nicolae_shop_hallway_plus, shop, shop, nicolae_shop_window_shopping,
          kennysheep_generic_room_2, uniq_jorgrun
D:13:     layout_gridville, special_room [special_room_orc]
D:14:     layout_basic, grunt_vaults_entry_tiered,
          portal_ice_cave_entry_ugly_swarm, chequers_serial_rivers_marsh,
          minmay_tree_intersection, chequers_arboretum
Temple:   hellmonk_temple_forest_ring
Lair:1:   layout_layer_cave, grunt_megastairs_1
Lair:2:   layout_long_grid, spider_nest_entry_funnel_web, evilmike_ambush
          [evilmike_ambush_outer_basic, evilmike_ambush_inner_pond],
          lemuel_fruit_tree
Lair:3:   layout_gridlike, swamp_mist_pool
Lair:4:   layout_long_grid, slime_entry_1
Lair:5:   cheibrodos_lair_end_hotspot, layout_long_grid, lemuel_fruit_fields,
          lemuel_fruit_fields
Abyss:2:  base: D:4, hangedman_decor_peaks_small, grunt_abyss_exit_deep_breaths

Skill      XL: |  1  2  3  4  5  6  7  8  9 10 11 12 13 14 15 |
---------------+----------------------------------------------+-----
Fighting       | 1 2 5 |  5.0
Earth Magic    | 4 5 6 7 10 11 | 11.0
Dodging        | 2 |  2.0
Spellcasting   | 3 5 7 8 9 |  9.0
Short Blades   | 1 2 5 |  5.0
Conjurations   | 4 6 7 10 11 | 11.0
Transmutations | 1 2 4 7 8 9 |  9.0
Ranged Weapons | 4 |  4.0
Maces & Flails | 1 4 |  4.0
Stealth        | 5 |  5.0
Polearms       | 3 |  3.0
Throwing       | 3 |  3.0
Summonings     | 5 |  5.0
Evocations     | 3 7 8 |  8.0
Fire Magic     | 7 10 12 | 12.7
Shields        | 4 |  4.0

Action                     |  1- 3 |  4- 6 |  7- 9 | 10-12 | 13-15 || total
---------------------------+-------+-------+-------+-------+-------++-------
  Melee: Whip              |     9 |    42 |       |       |       ||    51
         Dagger            |       |    50 |    94 |   481 |   499 ||  1124
         Trident           |       |       |       |     7 |       ||     7
         Punch             |       |       |       |    11 |    18 ||    29
         Staff             |       |       |       |       |    34 ||    34
         Knife             |       |       |       |       |   366 ||   366
         Rapier            |       |       |       |       |    18 ||    18
   Fire: Sling             |       |    46 |    77 |    22 |       ||   145
         Shortbow          |       |       |       |     3 |       ||     3
         Greatsling        |       |       |       |       |    46 ||    46
  Throw: Javelin           |     2 |     3 |       |       |       ||     5
         Boomerang         |       |       |     9 |     5 |     3 ||    17
   Cast: Sandblast         |    30 |    37 |     6 |    10 |    10 ||    93
         Stone Arrow       |       |     2 |    72 |   119 |   243 ||   436
         Petrify           |       |       |       |    98 |   223 ||   321
         Summon Small Mamm |       |       |       |     1 |     1 ||     2
         Mephitic Cloud    |       |       |       |       |     1 ||     1
  Evoke: Lightning rod     |       |       |       |     2 |       ||     2
         Wand              |       |       |       |       |     3 ||     3
    Use: Scroll            |       |     1 |     2 |    11 |    24 ||    38
         Potion            |       |     3 |     3 |    11 |     9 ||    26
   Stab: Sleeping          |       |     2 |     2 |     2 |    13 ||    19
         Petrified         |       |       |       |   119 |   320 ||   439
         Petrifying        |       |       |       |    19 |    68 ||    87
         Distracted        |       |       |       |     2 |     1 ||     3
         Invisible         |       |       |       |     1 |     2 ||     3
 Armour: Robe              |     7 |     1 |       |   145 |   326 ||   479
         Leather armour    |       |    29 |       |       |       ||    29
         Animal skin       |       |     4 |    42 |    43 |       ||    89
         Skin              |       |    21 |     2 |     3 |       ||    26
  Dodge: Dodged            |    10 |    47 |    58 |   506 |   798 ||  1419
  Block: Buckler           |       |       |       |       |    62 ||    62
